 Dungeon Crawl Stone Soup version 0.28.0-1-gb440e238dd (webtiles) character file.

Game seed: 6472719189477016140

7 Ablot the Grasshopper (level 2, -1/26 HPs)
             Began as a Gnoll Warper on Feb 26, 2022.
             Slain by a gnoll (9 damage)
             ... on level 1 of the Dungeon.
             The game lasted 00:00:29 (600 turns).

Ablot the Grasshopper (Gnoll Warper)                 Turns: 600, Time: 00:00:30

Health: -1/26      AC:  3    Str: 10    XL:     2   Next: 0%
Magic:  7/7        EV: 12    Int: 12    God:
Gold:   14         SH:  0    Dex: 11    Spells: 8/10 levels left

rFire   . . .      SeeInvis .   a - +0 spear
rCold   . . .      Faith    .   (no shield)
rNeg    . . .      Spirit   .   b - +0 leather armour
rPois   .          Reflect  .   (no helmet)
rElec   .          Harm     .   (no cloak)
rCorr   .          Rampage  .   (no gloves)
Will    .....                   (no boots)
Stlth   +.........              (no amulet)
HPRegen 0.08/turn               (no ring)
MPRegen 0.10/turn               (no ring)

@: no status effects
A: fangs 1, strong nose, distributed training
a: no special abilities


You were on level 1 of the Dungeon.
You visited 1 branch of the dungeon, and saw 1 of its levels.

You collected 14 gold pieces.

Inventory:

Hand Weapons
 a - a +0 spear (weapon)
Missiles
 d - 5 boomerangs of dispersal (quivered)
 f - 13 stones
Armour
 b - a +0 leather armour (worn)
Jewellery
 h - a ring of flight
Scrolls
 c - a scroll of blinking
 g - a scroll of teleportation {unknown}
Potions
 e - a potion of curing {unknown}
 i - a potion of attraction {unknown}


   Skills:
 + Level 4.4 Fighting
 + Level 0.2 Short Blades
 + Level 0.2 Long Blades
 + Level 0.2 Axes
 + Level 0.2 Maces & Flails
 + Level 4.4 Polearms
 + Level 0.2 Staves
 + Level 0.2 Slings
 + Level 0.2 Bows
 + Level 0.2 Crossbows
 + Level 2.4 Throwing
 + Level 2.4 Armour
 + Level 4.4 Dodging
 + Level 0.2 Stealth
 + Level 0.2 Shields
 + Level 0.2 Unarmed Combat
 + Level 4.9 Spellcasting
 + Level 0.1 Conjurations
 + Level 0.1 Hexes
 + Level 0.1 Summonings
 + Level 0.1 Necromancy
 + Level 5.3 Translocations
 + Level 0.1 Transmutations
 + Level 0.1 Fire Magic
 + Level 0.1 Ice Magic
 + Level 0.1 Air Magic
 + Level 0.1 Earth Magic
 + Level 0.1 Poison Magic
 + Level 0.3 Invocations
 + Level 0.2 Evocations


You had 8 spell levels left.
You knew the following spells:

 Your Spells              Type           Power      Damage    Failure   Level
a - Blink                 Tloc           30%        N/A       4%          2

Your spell library contained the following spells:

 Spells                   Type           Power      Damage    Failure   Level
 Gell's Gravitas          Tloc           15%        N/A       9%          3
 Lesser Beckoning         Tloc           15%        N/A       9%          3
 Teleport Other           Tloc           15%        N/A       9%          3
 Sting                    Tmut/Pois      12%        1d3       26%         1
 Poisonous Vapours        Pois/Air       6%         N/A       36%         2
 Manifold Assault         Tloc           15%        N/A       63%         5
 Olgreb's Toxic Radiance  Pois           3%         N/A       94%         4


Dungeon Overview and Level Annotations

Branches:
Dungeon (1/15)

Altars:


Innate Abilities, Weirdness & Mutations

You have very sharp teeth.
Your uncanny sense of smell can sniff out nearby items.
Your experience applies equally to all skills.


Message History

You see here a human skeleton.
You hit the giant cockroach but do no damage.
The giant cockroach barely misses you.
You barely miss the gnoll. The giant cockroach misses you.
The gnoll hits you with a +0 whip.
You hit the gnoll.
The gnoll is moderately wounded.
The giant cockroach closely misses you. The gnoll hits you with a +0 whip!
The giant cockroach closely misses you.
You hit the gnoll.
The gnoll is heavily wounded.
The gnoll hits you with a +0 whip.
The giant cockroach bites you but does no damage.
You are too injured to fight recklessly!
You are too injured to fight recklessly!
You are too injured to fight recklessly!
You are too injured to fight recklessly!
You are too injured to fight recklessly!
You are too injured to fight recklessly!
You are too injured to fight recklessly!
You are too injured to fight recklessly!
You are too injured to fight recklessly!
You are too injured to fight recklessly!
You are too injured to fight recklessly!
You are too injured to fight recklessly!
You are too injured to fight recklessly!
You are too injured to fight recklessly!
You are too injured to fight recklessly!
You are too injured to fight recklessly!
You are too injured to fight recklessly!
You hit the gnoll.
The gnoll is severely wounded.
The gnoll misses you. The giant cockroach barely misses you.
You hit the gnoll.
The gnoll is almost dead.
The gnoll hits you with a +0 whip. The giant cockroach barely misses you.
You barely miss the gnoll. You bite the gnoll.
The gnoll is almost dead.
The gnoll hits you with a +0 whip!
You die...

##########...##...#.#.##.#
#....
..................#.#.##.#
#....
##########...##...#.#.##.#
##.##
##.#......#########......#
#...
...#......#_......8##.####
#### ##.######.#÷.......##.#
#.........#÷......8##.#######
#..########....g...##.......#
..........#÷...B@÷..........#
....########.8.8.8...†......#
.............[...............
..#.#####..................##
..#.#...#....................
..#.#.#.#....................
..#.#.#.#.######.............
###.#.#.#.# #.............
###)#...#.#


You could see a gnoll and a giant cockroach.

Vanquished Creatures
  An endoplasm (D:1)
  2 hobgoblins (D:1)
  2 bats (D:1)
  A frilled lizard (D:1)
  A rat (D:1)
7 creatures vanquished.

Notes
Turn   | Place    | Note
-------+----------+-------------------------------------------
     0 | D:1      | Ablot the Gnoll Warper began the quest for the Orb.
     0 | D:1      | Reached XP level 1. HP: 20/20 MP: 6/6
   586 | D:1      | Reached XP level 2. HP: 26/26 MP: 7/7
   589 | D:1      | Learned a level 2 spell: Blink
   591 | D:1      | Found a faded altar of an unknown god.
   600 | D:1      | Slain by a gnoll

Illustrated notes

Levels and vault maps discovered:
D:1:      lemuel_arrival_tunnels, layout_basic,
          shapermc_ecumenical_altar_pompeii, grunt_decor_mini_mirrors,
          serial_park_tiny_pond

Action                   || total
-------------------------++-------
Melee: Spear             ||    27
       Punch             ||     1
       Bite              ||     1
Armor: Leather armour    ||     3
Dodge: Dodged            ||    13
